 Dungeon Crawl Stone Soup version 0.19-a0-805-g0a78ef0 (webtiles) character file.

4357 ololoev the Basher (level 10, -1/86 HPs)
             Began as a Ghoul Arcane Marksman on June 27, 2016.
             Was an Elder of Okawaru.
             Killed from afar by an orc wizard (2 damage)
             ... with a puff of frost
             ... on level 8 of the Dungeon.
             The game lasted 00:17:22 (6567 turns).

ololoev the Basher (Ghoul Arcane Marksman)          Turns: 6567, Time: 00:17:23

Health: -1/86      AC:  6    Str: 19    XL:     10   Next: 34%
Magic:  13/13      EV:  8    Int:  8    God:    Okawaru [****..]
Gold:   239        SH:  0    Dex: 13    Spells: 0 memorised, 11 levels left

rFire  . . .     SeeInvis .     a - +1 flail (protect)
rCold  + . .     Gourm    .     j - +0 chain mail
rNeg   + + +     Faith    .     (no shield)
rPois  ∞         Spirit   .     q - +0 helmet (curse)
rElec  .         Dismiss  .     r - +0 cloak
rCorr  .         Reflect  .     e - +2 pair of gloves
SustAt .         Harm     .     A - +0 pair of boots
MR     .....                    (no amulet)
Stlth  ..........               (no ring)
                                s - +5 ring of dexterity

@: corroded, rotting, not resistant to hostile enchantments, extremely
unstealthy
A: rotting body, claws 1, carnivore 3, cold resistance 1, negative energy
resistance 3, slow regeneration 1, torment resistance, unbreathing
a: Heroism, Renounce Religion


Innate Abilities, Weirdness & Mutations

Your body is rotting away.
You thrive on raw meat.
You are immune to poison.
You have sharp fingernails.
You are carnivorous and can eat meat at any time.
Your flesh is cold resistant. (rC+)
You are immune to negative energy. (rN+++)
You regenerate slowly when monsters are visible.
You are immune to unholy pain and torment.
You can survive without breathing.

Inventory:

Hand Weapons
 a - a +1 flail of protection (weapon)
 D - a +0 morningstar
Missiles
 c - 5 javelins (quivered)
 d - 2 throwing nets
 w - 2 curare-tipped needles
Armour
 e - a +2 pair of gloves (worn)
 j - a +0 chain mail (worn)
 q - a cursed +0 helmet (worn)
 r - a +0 cloak (worn)
 A - a +0 pair of boots (worn)
Jewellery
 s - a +5 ring of dexterity (left hand)
Wands
 x - a wand of iceblast (10/15)
Scrolls
 g - 3 scrolls of remove curse {unknown}
 i - a scroll of amnesia {unknown}
 k - 5 scrolls of identify {unknown}
 l - a scroll of random uselessness {unknown}
 m - a scroll of magic mapping {unknown}
 o - 4 scrolls of teleportation {unknown}
 v - a scroll of recharging {unknown}
 y - 4 scrolls of enchant weapon {unknown}
 z - 2 scrolls of fog {unknown}
Potions
 b - a potion of haste {unknown}
 h - 2 potions of beneficial mutation {unknown}
 n - a potion of mutation {unknown}
 p - 2 potions of berserk rage {unknown}
 u - 6 potions of curing {unknown}
 E - 2 potions of heal wounds
 F - a potion of might {unknown}
 G - 2 potions of flight {unknown}
 H - a potion of invisibility {unknown}
Books
 t - a Grand Grimoire

   Spells                             Type                      Level
   a - Monstrous Menagerie            Summoning                    7
   b - Summon Greater Demon           Summoning                    7
   c - Malign Gateway                 Summoning/Translocation      7
   d - Summon Horrible Things         Summoning                    8
Comestibles
 f - 5 meat rations
 B - a slice of pizza
 C - 5 chunks of flesh


   Skills:
 + Level 7.3 Fighting
 * Level 8.2 Maces & Flails
 - Level 3.7 Throwing
 + Level 6.1 Armour
 - Level 1.7 Dodging
 - Level 1.0 Spellcasting
   Level 2.4 Hexes
 + Level 5.9 Invocations


You had 11 spell levels left.
You didn't know any spells.


You were on level 8 of the Dungeon.
You worshipped Okawaru.
Okawaru was greatly pleased with you.
You were not hungry.

You visited 2 branches of the dungeon, and saw 9 of its levels.
You also visited: Sewer.

You collected 239 gold pieces.

#. #.
###.###########.###
............o....≈.
#.###......###o....≈.
........†.# .....≈≈
##############......#
......≈ ..........#
#..@5..# ......≈
..........# #..)...#
...≈≈.≈ ...<......#
#......# ....≈≈≈
..........# #......#
....≈.≈ ..........#
#......# ..........#
#......#
###'##########......#
###)### #....#......#
../...###.........###

Notes
Turn   | Place    | Note
--------------------------------------------------------------
     0 | D:1      | ololoev the Ghoul Arcane Marksman began the quest for the Orb.
     0 | D:1      | Reached XP level 1. HP: 16/16 MP: 1/1
   521 | D:1      | Reached XP level 2. HP: 18/23 MP: 2/2
   737 | D:1      | Reached skill level 1 in Maces & Flails
   835 | D:1      | Reached skill level 1 in Armour
  1180 | D:2      | Reached XP level 3. HP: 24/29 MP: 3/3
  1361 | D:2      | Found a shattered altar of Ashenzari.
  1381 | D:2      | Noticed Robin
  1528 | D:2      | Found a bloodstained altar of Trog.
  1568 | D:2      | Noticed Natasha
  1580 | D:2      | Killed Natasha
  1580 | D:2      | Reached XP level 4. HP: 26/36 MP: 4/4
  1611 | D:2      | Reached skill level 2 in Maces & Flails
  1687 | D:2      | Killed Robin
  1736 | D:2      | Noticed Natasha
  1750 | D:2      | Killed Natasha
  1750 | D:2      | Reached XP level 5. HP: 25/42 MP: 5/5
  1908 | D:2      | Found a runed door.
  1970 | D:2      | Noticed Crazy Yiuf
  1978 | D:2      | Killed Crazy Yiuf
  2146 | D:3      | Noticed Jessica
  2164 | D:3      | Killed Jessica
  2193 | D:3      | Reached XP level 6. HP: 46/50 MP: 6/6
  2225 | D:3      | Reached skill level 3 in Maces & Flails
  2352 | D:3      | Found a hazy altar of Hepliaklqana.
  2522 | D:3      | Noticed Terence
  2549 | D:3      | Killed Terence
  2824 | D:4      | Noticed tstbtto's ghost (amateur NaFi)
  3035 | D:4      | Found a shadowy altar of Dithmenos.
  3221 | D:4      | Killed tstbtto's ghost
  3221 | D:4      | Reached skill level 4 in Maces & Flails
  3221 | D:4      | Reached XP level 7. HP: 44/58 MP: 7/7
  3662 | D:5      | Entered Level 5 of the Dungeon
  3712 | D:5      | Found a staircase to the Ecumenical Temple.
  3816 | Temple   | Entered the Ecumenical Temple
  3992 | Temple   | Became a worshipper of Warmaster Okawaru
  4109 | D:5      | Reached skill level 1 in Invocations
  4109 | D:5      | Reached XP level 8. HP: 53/67 MP: 8/8
  4276 | D:5      | Reached * piety under Okawaru
  4320 | D:5      | Reached skill level 5 in Maces & Flails
  4532 | D:5      | Found a bloodstained altar of Trog.
  4714 | D:6      | Reached skill level 5 in Fighting
  4826 | D:6      | Found a glowing drain.
  4834 | Sewer    | Entered a sewer
  4921 | Sewer    | Reached ** piety under Okawaru
  4972 | Sewer    | Found a white marble altar of Elyvilon.
  5345 | D:6      | Reached skill level 6 in Maces & Flails
  5345 | D:6      | Reached XP level 9. HP: 59/74 MP: 10/10
  5577 | D:7      | Found a sacrificial altar of Ru.
  5834 | D:7      | Reached skill level 5 in Armour
  5884 | D:7      | Reached skill level 7 in Maces & Flails
  5922 | D:7      | Reached *** piety under Okawaru
  6241 | D:8      | Reached skill level 5 in Invocations
  6382 | D:8      | Noticed a hill giant
  6407 | D:8      | Killed a hill giant
  6407 | D:8      | Reached **** piety under Okawaru
  6407 | D:8      | Reached XP level 10. HP: 22/86 MP: 10/13
  6456 | D:8      | Reached skill level 8 in Maces & Flails
  6477 | D:8      | Received a gift from Okawaru
  6565 | D:8      | HP: 3/86 [something/puff of frost (3)]
  6565 | D:8      | HP: 1/86 [something/magic dart (2)]
  6567 | D:8      | Killed from afar by an orc wizard

Dungeon Overview and Level Annotations

Branches:
Dungeon (8/15)             Temple (1/1) D:5
   Lair: D:8-11

Altars:
Ashenzari
Cheibriados
Dithmenos
Elyvilon
Fedhas
Gozag
Hepliaklqana
Kikubaaqudgha
Makhleb
Okawaru
Pakellas
Qazlal
Ru
Sif Muna
Trog
Uskayaw
Xom
Yredelemnul
Zin
The Shining One


Message History

The jelly is severely wounded.
The jelly hits you but does no damage.
The orc wizard gestures wildly while chanting.
The orc wizard flickers and vanishes!
Deactivating autopickup; reactivate with Ctrl-A.
Your chain mail prevents you from hitting the jelly.
The jelly is severely wounded.
The jelly jiggles.
The jelly hits you but does no damage.
You hit the jelly but do no damage.
Your hands burn!
The jelly is severely wounded.
The jelly barely misses you.
You hit the jelly but do no damage. The acid corrodes you!
Your hands burn!
The jelly is severely wounded.
The jelly hits you but does no damage.
The orc wizard mumbles some strange words.
The orc wizard flickers and vanishes!
You hit the jelly but do no damage.
Your hands burn!
The jelly is severely wounded.
The jelly barely misses you.
You hit the jelly but do no damage.
Your hands burn!
The jelly is severely wounded.
The jelly closely misses you.
You barely miss the jelly.
The jelly is severely wounded.
The jelly hits you but does no damage.
You hit the jelly but do no damage.
Your hands burn!
The jelly is severely wounded.
The jelly closely misses you.
You hear some strange, mumbled words.
You hit the jelly but do no damage.
Your hands burn!
The jelly is severely wounded.
The jelly hits you but does no damage.
You hit the jelly but do no damage. The acid corrodes you!
Your hands burn!
The jelly is severely wounded.
The jelly hits you but does no damage.
Your chain mail prevents you from hitting the jelly.
The jelly is severely wounded.
The jelly barely misses you.
You thump the jelly!
You kill the jelly!
Okawaru accepts your kill.
You hit something but do no damage. Something hits you.
You miss something. Something hits you.
You miss something.
You hear some strange, mumbled words.
A puff of frost appears from out of thin air!
The puff of frost hits you! You resist. Something hits you.
You closely miss something. Something hits you but does no damage.
You miss something.
Something hits you but does no damage. x2
You hit something but do no damage.
Your chain mail prevents you from hitting something.
Something hits you but does no damage.
You hear some strange, mumbled words.
A magic dart appears from out of thin air!
The magic dart hits you!
You closely miss something. Something hits you but does no damage.
You miss something.
You hear some strange, mumbled words.
A puff of frost appears from out of thin air!
The puff of frost hits you! You resist. Something hits you.
Your chain mail prevents you from hitting something.
Something hits you but does no damage. 2 orcs and a white imp come into view.
The white imp shouts, "Fly, thou froward hasty-witted lout!"
You hit something but do no damage.
You hear some strange, mumbled words.
A magic dart appears from out of thin air!
The magic dart hits you! Something hits you.
You hear some strange, mumbled words.
A puff of frost appears from out of thin air!
The puff of frost hits you! You resist.
A magic dart appears from out of thin air!
The magic dart hits you!
You see here a yak corpse.
The white imp hits you but does no damage.
You hear some strange, mumbled words.
A puff of frost appears from out of thin air!
The puff of frost hits you! You resist.
You die...

You could see a white imp.

Vanquished Creatures
  A hill giant (D:8)
  The ghost of tstbtto the Chopper, an amateur NaFi (D:4)
  A polar bear (D:8)
  A spriggan (D:7)
  A yak (D:8)
  A hippogriff (D:6)
  A hungry ghost (D:6)
  3 water moccasins
  6 ice beasts
  An orc warrior (D:6)
  A phantom (D:6)
  A necrophage (D:6)
  2 ogres
  A centaur (D:5)
  A big kobold (Sewer)
  A giant frog (D:5)
  4 wights (D:7)
  A jelly (D:8)
  4 crimson imps
  A centaur zombie (D:6)
  A quasit (D:7)
  3 hounds
  2 orc priests
  5 orc wizards
  A centaur skeleton (D:4)
  Crazy Yiuf (D:2)
  Jessica (D:3)
  Terence (D:3)
  2 iguanas
  Natasha (twice) (D:2)
  5 worker ants
  A wasp simulacrum (D:8)
  A giant frog simulacrum (D:8)
  Robin (D:2)
  3 howler monkey skeletons
  13 adders
  A river rat (Sewer)
  A shadow imp (D:4)
  A worker ant simulacrum (D:8)
  An adder skeleton (D:6)
  2 dart slugs
  An adder simulacrum (D:8)
  3 giant geckos
  23 orcs
  2 ball pythons (D:5)
  5 bats
  6 giant cockroaches
  11 goblins
  15 hobgoblins
  13 jackals
  7 kobolds
  3 quokkas
  9 giant newts
  10 rats
191 creatures vanquished.

Vanquished Creatures (others)
  A yak (D:8)
1 creature vanquished.

Grand Total: 192 creatures vanquished

Action                   |  1- 3 |  4- 6 |  7- 9 | 10-12 || total
-------------------------+-------+-------+-------+-------++-------
Melee: Unarmed           |    49 |       |       |       ||    49
       Whip              |   100 |   264 |       |       ||   364
       Flail             |       |    44 |   574 |    78 ||   696
Throw: Javelin           |     2 |     2 |       |     3 ||     7
       Throwing net      |       |     1 |       |       ||     1
Invok: Heroism           |       |       |     1 |       ||     1
  Eat: Chunk             |     4 |    19 |    31 |     8 ||    62
Armor: Robe              |    34 |       |       |       ||    34
       Chain mail        |    65 |   202 |   463 |    68 ||   798
Dodge: Dodged            |    59 |   104 |   216 |    24 ||   403

Vault maps used:
D:1:      dpeg_arrival_long_road
D:2:      nicolae_overflow_crystal_walls, moated_statue, trog_book,
          uniq_natasha, uniq_crazy_yiuf_cottage, uniq_robin
D:3:      old_standard_altar, minmay_statues_item, uniq_jessica, uniq_terence
D:4:      first_bread, grunt_ministairs_14, nicolae_dithmenos_the_darkroom
D:5:      kennysheep_little_box
D:6:      lightli_sewer_entry_pipes
D:7:      nicolae_ru_path_of_blood, minivault_1, the_bakery,
          hangedman_decor_points
D:8:      nicolae_overflow_hidden_temple, kennysheep_mini, serial_ice,
          serial_ice_b, serial_ice_m, serial_ice_j, serial_ice_n, serial_ice_h,
          serial_ice_g, serial_ice_e, serial_ice_f,
          minmay_misc_feat_secret_circle, nicolae_qazlal_style_of_elements
Temple:   regret_index_temple_sphere_string
Sewer:    sewer_kobolds
